MLB
ARIZONA DIAMONDBACKS @ ST. LOUIS CARDINALS
06/10/2048
 
TOP OF THE 1ST
Arizona Diamondbacks batting - Pitching for St. Louis Cardinals : LHP Nate Crow
Pitching: LHP Nate Crow
Batting: RHB Andy Swaim 0-0: Ball
1-0: Foul Ball, location: 2F
1-1: Swinging Strike
1-2: Ball
2-2: Ball
3-2: Strikes out looking
Batting: SHB Alec Thorpe 0-0: Ball
1-0: Called Strike
1-1: Ball
2-1: Called Strike
2-2: Strikes out swinging
Batting: RHB Katilimomi Kelekolio 0-0: Ball
1-0: Foul Ball, location: 2F
1-1: Ball
2-1: Swinging Strike
2-2: Foul Ball, location: 2F
2-2: Ball
3-2: Foul Ball, location: 2F
3-2: Foul Ball, location: 2F
3-2: Foul Ball, location: 2F
3-2: Strikes out swinging
Top of the 1st over - 0 runs, 0 hits, 0 errors, 0 left on base; Arizona 0 - St. Louis 0
BOTTOM OF THE 1ST
St. Louis Cardinals batting - Pitching for Arizona Diamondbacks : RHP Marcus Wolfe
Pitching: RHP Marcus Wolfe
Batting: LHB Ichiro Toyota 0-0: Ball
1-0: Ball
2-0: Foul Ball, location: 2F
2-1: SINGLE (Groundball, 6MD, EV 96.9 MPH)
Batting: LHB Pat Sutton 0-0: Ball
1-0: Swinging Strike
1-1: Ball
2-1: SINGLE (Line Drive, 8RS, EV 99.4 MPH)
Ichiro Toyota to second
Runner from 2nd tries for 3rd, SAFE, no throw by CF
Batting: SHB Harry Hoop 0-0: Called Strike
0-1: Called Strike
0-2: Strikes out swinging
Batting: SHB Antoine Roux 0-0: Called Strike
0-1: Swinging Strike
0-2: Ball
1-2: Foul Ball, location: 2F
1-2: Fly out, F5 (Popup, 25F, EV 81.9 MPH)
Batting: LHB Armando Carbajal 0-0: Ball
1-0: Foul Ball, location: 2F
1-1: Swinging Strike
1-2: Ball
2-2: Fly out, F8 (Flyball, 8LM, EV 89.4 MPH)
Bottom of the 1st over - 0 runs, 2 hits, 0 errors, 2 left on base; Arizona 0 - St. Louis 0
TOP OF THE 2ND
Arizona Diamondbacks batting - Pitching for St. Louis Cardinals : LHP Nate Crow
Batting: SHB Perry Tuckfard 0-0: Ball
1-0: Foul Ball, location: 2F
1-1: Foul Ball, location: 2F
1-2: Ball
2-2: DOUBLE (Groundball, 5L, EV 105.0 MPH)
Pinch Runner at 2nd Dusty Thompson:
Batting: SHB Salvador Aragon 0-0: Called Strike
0-1: Ball
1-1: Ball
2-1: Fly out, F7 (Flyball, 8LS, EV 82.5 MPH)
Batting: RHB Bob Najar 0-0: Swinging Strike
0-1: Swinging Strike
0-2: Strikes out swinging
Batting: LHB Joel Kunkler 0-0: Ball
1-0: Ball
2-0: Ball
3-0: Called Strike
3-1: Base on Balls
Batting: SHB Warren Eisner 0-0: Ground out U3 (Groundball, 3S, EV 66.2 MPH)
Top of the 2nd over - 0 runs, 1 hit, 0 errors, 2 left on base; Arizona 0 - St. Louis 0
BOTTOM OF THE 2ND
St. Louis Cardinals batting - Pitching for Arizona Diamondbacks : RHP Marcus Wolfe
Now at 1B: Dusty Thompson
Batting: RHB Jordan Diaz 0-0: Called Strike
0-1: Swinging Strike
0-2: Ground out 5-3 (Groundball, 56, EV 82.5 MPH)
Batting: SHB Chris Blue 0-0: Ball
1-0: SINGLE (Groundball, 34D, EV 100.0 MPH)
Batting: RHB Melvin Enriquez 0-0: Called Strike
0-1: Foul Ball, location: 2F
0-2: Fly out, F7 (Flyball, 78M, EV 91.2 MPH)
Batting: RHB Rocky Campbell 0-0: Ground out 4-3 (Groundball, 4, EV 100.6 MPH)
Bottom of the 2nd over - 0 runs, 1 hit, 0 errors, 1 left on base; Arizona 0 - St. Louis 0
TOP OF THE 3RD
Arizona Diamondbacks batting - Pitching for St. Louis Cardinals : LHP Nate Crow
Batting: LHB Mike Mentzer 0-0: Called Strike
0-1: Foul Ball, location: 2F
0-2: SINGLE (Line Drive, 8RS, EV 99.4 MPH)
Batting: RHB Andy Swaim 0-0: SINGLE (Line Drive, 7S, EV 103.8 MPH)
Mike Mentzer to second
Mike Mentzer to third
Batting: SHB Alec Thorpe 0-0: Called Strike
0-1: Called Strike
0-2: Ball
1-2: Fly out, F8 (Line Drive, 8RD, EV 106.9 MPH)
Runner from 3rd tags up, SCORES, throw by CF
Batting: RHB Katilimomi Kelekolio 0-0: Called Strike
0-1: Fly out, F8 (Flyball, 8LM, EV 91.9 MPH)
Batting: RHB Dusty Thompson 0-0: Fielders Choice at 2nd, 4-6 (Groundball, 6M, EV 103.8 MPH)
Top of the 3rd over - 1 run, 2 hits, 0 errors, 1 left on base; Arizona 1 - St. Louis 0
BOTTOM OF THE 3RD
St. Louis Cardinals batting - Pitching for Arizona Diamondbacks : RHP Marcus Wolfe
Batting: LHB Ichiro Toyota 0-0: Ball
1-0: Ball
2-0: Ball
3-0: Called Strike
3-1: Foul Ball, location: 2F
3-2: Strikes out swinging
Batting: LHB Pat Sutton 0-0: Foul Ball, location: 2F
0-1: Ball
1-1: Foul Ball, location: 2F
1-2: Strikes out swinging
Batting: SHB Harry Hoop 0-0: Ball
1-0: Called Strike
1-1: Ball
2-1: Foul Ball, location: 2F
2-2: Ball
3-2: Ground out 4-3 (Groundball, 4M, EV 103.8 MPH)
Bottom of the 3rd over - 0 runs, 0 hits, 0 errors, 0 left on base; Arizona 1 - St. Louis 0
TOP OF THE 4TH
Arizona Diamondbacks batting - Pitching for St. Louis Cardinals : LHP Nate Crow
Batting: SHB Salvador Aragon 0-0: Ball
1-0: Called Strike
1-1: Called Strike
1-2: Strikes out swinging
Batting: RHB Bob Najar 0-0: Called Strike
0-1: Ball
1-1: Ball
2-1: Ball
3-1: Ground out 5-3 (Groundball, 56S, EV 89.4 MPH)
Batting: LHB Joel Kunkler 0-0: SINGLE (Line Drive, 8LS, EV 107.5 MPH)
Batting: SHB Warren Eisner 0-0: Fly out, F7 (Line Drive, 7D, EV 85.6 MPH)
Top of the 4th over - 0 runs, 1 hit, 0 errors, 1 left on base; Arizona 1 - St. Louis 0
BOTTOM OF THE 4TH
St. Louis Cardinals batting - Pitching for Arizona Diamondbacks : RHP Marcus Wolfe
Batting: SHB Antoine Roux 0-0: Ball
1-0: Ball
2-0: Swinging Strike
2-1: Foul Ball, location: 2F
2-2: Ground out U3 (Groundball, 3S, EV 74.4 MPH)
Batting: LHB Armando Carbajal 0-0: Reached on error, E4 (Groundball, 34, EV 85.0 MPH)
Batting: RHB Jordan Diaz 0-0: Called Strike
0-1: Ball
1-1: Ball
2-1: SINGLE (Flyball, 34D, EV 82.5 MPH)
Armando Carbajal to second
Batting: SHB Chris Blue 0-0: Called Strike
0-1: Ball
1-1: SINGLE (Groundball, 6S, EV 72.5 MPH) (infield hit)
Armando Carbajal to third
Jordan Diaz to second
Batting: RHB Melvin Enriquez 0-0: Called Strike
0-1: Fly out, F8 (Flyball, 89M, EV 87.5 MPH)
Runner from 3rd tags up, OUT at HOME! 8-2
Bottom of the 4th over - 0 runs, 2 hits, 1 error, 2 left on base; Arizona 1 - St. Louis 0
TOP OF THE 5TH
Arizona Diamondbacks batting - Pitching for St. Louis Cardinals : LHP Nate Crow
Batting: LHB Mike Mentzer 0-0: Ball
1-0: Called Strike
1-1: Called Strike
1-2: Strikes out swinging
Batting: RHB Andy Swaim 0-0: Called Strike
0-1: Ball
1-1: Foul Ball, location: 2F
1-2: Strikes out swinging
Batting: SHB Alec Thorpe 0-0: Ball
1-0: Called Strike
1-1: Called Strike
1-2: Foul Ball, location: 2F
1-2: Foul Ball, location: 2F
1-2: SINGLE (Groundball, 4D, EV 100.0 MPH)
Batting: RHB Katilimomi Kelekolio 0-0: Fly out, F9 (Line Drive, 9, EV 92.5 MPH)
Top of the 5th over - 0 runs, 1 hit, 0 errors, 1 left on base; Arizona 1 - St. Louis 0
BOTTOM OF THE 5TH
St. Louis Cardinals batting - Pitching for Arizona Diamondbacks : RHP Marcus Wolfe
Batting: RHB Rocky Campbell 0-0: Ball
1-0: Swinging Strike
1-1: Called Strike
1-2: Strikes out swinging
Batting: LHB Ichiro Toyota 0-0: Ground out U3 (Groundball, 3, EV 81.2 MPH)
Batting: LHB Pat Sutton 0-0: Ball
1-0: Ball
2-0: Ball
3-0: Called Strike
3-1: Called Strike
3-2: Fly out, F9 (Flyball, 9, EV 92.5 MPH)
Bottom of the 5th over - 0 runs, 0 hits, 0 errors, 0 left on base; Arizona 1 - St. Louis 0
TOP OF THE 6TH
Arizona Diamondbacks batting - Pitching for St. Louis Cardinals : LHP Nate Crow
Batting: RHB Dusty Thompson 0-0: Called Strike
0-1: Ball
1-1: Ball
2-1: Called Strike
2-2: Ball
3-2: Strikes out swinging
Batting: SHB Salvador Aragon 0-0: Ball
1-0: Foul Ball, location: 2F
1-1: Swinging Strike
1-2: Strikes out swinging
Batting: RHB Bob Najar 0-0: Ball
1-0: Foul Ball, location: 2F
1-1: Swinging Strike
1-2: Ball
2-2: Strikes out swinging
Top of the 6th over - 0 runs, 0 hits, 0 errors, 0 left on base; Arizona 1 - St. Louis 0
BOTTOM OF THE 6TH
St. Louis Cardinals batting - Pitching for Arizona Diamondbacks : RHP Marcus Wolfe
Batting: SHB Harry Hoop 0-0: Ball
1-0: Ball
2-0: Ball
3-0: Called Strike
3-1: Foul Ball, location: 2F
3-2: SINGLE (Groundball, 4MD, EV 98.1 MPH)
Batting: SHB Antoine Roux 0-0: Called Strike
0-1: Ball
1-1: Called Strike
Harry Hoop steals 2nd base
1-2: Foul Ball, location: 2F
1-2: Ground out 1-3 (Groundball, 13S, EV 65.6 MPH)
Harry Hoop to third
Batting: LHB Armando Carbajal 0-0: Swinging Strike
0-1: Foul Ball, location: 2F
0-2: Foul Ball, location: 2F
0-2: Ball
1-2: Ball
2-2: Ball
3-2: Foul Ball, location: 2F
3-2: Foul Ball, location: 2F
3-2: Base on Balls
Batting: RHB Jordan Diaz 0-0: Called Strike
0-1: Swinging Strike
0-2: Ball
1-2: Strikes out swinging
Batting: SHB Chris Blue 0-0: Foul Ball, location: 2F
0-1: Ball
1-1: Called Strike
1-2: Ball
2-2: Foul Ball, location: 2F
2-2: Foul Ball, location: 2F
2-2: Foul Ball, location: 2F
2-2: Foul Ball, location: 2F
2-2: Strikes out swinging, 2-3 out at first.
Bottom of the 6th over - 0 runs, 1 hit, 0 errors, 2 left on base; Arizona 1 - St. Louis 0
TOP OF THE 7TH
Arizona Diamondbacks batting - Pitching for St. Louis Cardinals : LHP Nate Crow
Batting: LHB Joel Kunkler 0-0: Ball
1-0: Ball
2-0: SINGLE (Flyball, 5D, EV 99.4 MPH)
Batting: SHB Warren Eisner 0-0: Ball
1-0: Sac Bunt to 23 - play at first, batter OUT! 3-4
Joel Kunkler to second
Batting: LHB Mike Mentzer 0-0: Ball
1-0: Called Strike
1-1: Swinging Strike
1-2: Foul Ball, location: 2F
1-2: Strikes out looking
Pitching: RHP Ray Scifo
Batting: RHB Andy Swaim 0-0: Called Strike
0-1: Hit by Pitch
Batting: SHB Alec Thorpe 0-0: Swinging Strike
0-1: Swinging Strike
0-2: Ball
1-2: Foul Ball, location: 2F
1-2: Ball
2-2: Strikes out swinging
Top of the 7th over - 0 runs, 1 hit, 0 errors, 2 left on base; Arizona 1 - St. Louis 0
BOTTOM OF THE 7TH
St. Louis Cardinals batting - Pitching for Arizona Diamondbacks : RHP Marcus Wolfe
Pitching: RHP Adam Silbert
Batting: RHB Melvin Enriquez 0-0: Called Strike
0-1: Swinging Strike
0-2: DOUBLE (Line Drive, 89XD, EV 104.4 MPH)
Batting: RHB Rocky Campbell 0-0: DOUBLE (Groundball, 3L, EV 102.5 MPH)
Melvin Enriquez scores
Batting: LHB Ichiro Toyota 0-0: Called Strike
0-1: Called Strike
0-2: Ball
1-2: Ball
2-2: Strikes out swinging, 2-3 out at first.
Batting: LHB Pat Sutton 0-0: Foul Ball, location: 2F
0-1: Ball
1-1: Ball
2-1: Ball
3-1: Called Strike
3-2: 2-RUN HOME RUN (Flyball, 9D, EV 98.1 MPH), Distance : 380 ft
Pitching: RHP Stanford Placard
Batting: SHB Harry Hoop 0-0: Ball
1-0: Foul Ball, location: 2F
1-1: Called Strike
1-2: Ball
2-2: Ball
3-2: Strikes out swinging
Batting: SHB Antoine Roux 0-0: Called Strike
0-1: Foul Ball, location: 2F
0-2: Strikes out swinging
Bottom of the 7th over - 3 runs, 3 hits, 0 errors, 0 left on base; Arizona 1 - St. Louis 3
TOP OF THE 8TH
Arizona Diamondbacks batting - Pitching for St. Louis Cardinals : RHP Ray Scifo
Batting: RHB Katilimomi Kelekolio 0-0: Called Strike
0-1: Ball
1-1: Ground out 5-3 (Groundball, 56, EV 108.8 MPH)
Pinch Hitting: LHB Roy Steigerwald 0-0: Called Strike
0-1: Fly out, F9 (Flyball, BS7, EV 95.0 MPH)
Batting: SHB Salvador Aragon 0-0: Called Strike
0-1: Swinging Strike
0-2: Ball
1-2: Foul Ball, location: 2F
1-2: Ball
2-2: Strikes out swinging
Top of the 8th over - 0 runs, 0 hits, 0 errors, 0 left on base; Arizona 1 - St. Louis 3
BOTTOM OF THE 8TH
St. Louis Cardinals batting - Pitching for Arizona Diamondbacks : RHP Stanford Placard
Now at 1B: Bob Najar
Now in LF: Roy Steigerwald
Batting: LHB Armando Carbajal 0-0: Called Strike
0-1: Foul Ball, location: 2F
0-2: Hit by Pitch
Batting: RHB Jordan Diaz 0-0: Called Strike
0-1: DOUBLE (Line Drive, 9LM, EV 106.9 MPH)
Armando Carbajal to third
Batting: SHB Chris Blue 0-0: Ball
1-0: Ball
2-0: Ball
3-0: Base on Balls
Batting: RHB Melvin Enriquez 0-0: Ball
1-0: Called Strike
1-1: Ball
2-1: Fly out, F8 (Flyball, 78D, EV 99.4 MPH)
Runner from 3rd tags up, SCORES, throw by CF
Batting: RHB Rocky Campbell 0-0: Called Strike
0-1: Ball
1-1: Ball
2-1: SINGLE (Line Drive, 9S, EV 95.6 MPH)
Jordan Diaz to third
Chris Blue to second
Runner from 3rd tries for Home, SAFE, throw by RF to home
Batting: LHB Ichiro Toyota 0-0: Ball
1-0: Ball
2-0: Foul Ball, location: 2F
2-1: Called Strike
2-2: Foul Ball, location: 2F
2-2: DOUBLE (Line Drive, 78D, EV 110.0 MPH)
Chris Blue scores
Rocky Campbell to third
Runner from 3rd tries for Home, throw by LF and OUT! 7-6-2
Pitching: RHP David Mendoza
Batting: LHB Pat Sutton 0-0: Ball
1-0: DOUBLE (Line Drive, 9LS, EV 108.1 MPH)
Ichiro Toyota scores
Batting: SHB Harry Hoop 0-0: Ground out 5-3 (Groundball, 56S, EV 91.9 MPH)
Bottom of the 8th over - 4 runs, 4 hits, 0 errors, 1 left on base; Arizona 1 - St. Louis 7
TOP OF THE 9TH
Arizona Diamondbacks batting - Pitching for St. Louis Cardinals : RHP Ray Scifo
Batting: RHB Bob Najar 0-0: Ball
1-0: Ball
2-0: Called Strike
2-1: Called Strike
2-2: SOLO HOME RUN (Flyball, 7D, EV 97.5 MPH), Distance : 367 ft
Batting: LHB Joel Kunkler 0-0: Foul Ball, location: 2F
0-1: Called Strike
0-2: Ball
1-2: Foul Ball, location: 2F
1-2: Ball
2-2: Strikes out swinging
Batting: SHB Warren Eisner 0-0: Ball
1-0: Ball
2-0: Ball
3-0: Base on Balls
Batting: LHB Mike Mentzer 0-0: Ball
1-0: Ball
2-0: Called Strike
2-1: Swinging Strike
2-2: Ball
3-2: Ground out 4-3 (Groundball, 4, EV 85.0 MPH)
Warren Eisner to second
Pitching: LHP Kenji Yokoyama
Batting: RHB Andy Swaim 0-0: Ball
1-0: Ball
2-0: Ball
3-0: Called Strike
3-1: DOUBLE (Flyball, 78D, EV 94.4 MPH)
Warren Eisner scores
Batting: SHB Alec Thorpe 0-0: Ball
1-0: Ball
2-0: Foul Ball, location: 2F
2-1: Ball
3-1: Base on Balls
Pitching: RHP Bryan Banana
Batting: RHB Katilimomi Kelekolio 0-0: Called Strike
0-1: Ball
1-1: Ball
2-1: Fly out, F7 (Flyball, 7, EV 88.1 MPH)
Top of the 9th over - 2 runs, 2 hits, 0 errors, 2 left on base; Arizona 3 - St. Louis 7
Tuesday, March 28th , 2023 - OOTP Baseball 23.10 Build 110